 Dungeon Crawl Stone Soup version 0.29.1-12-g30fa7ad0bf (webtiles) character file.

Game seed: 8702216114011695317

33 hawla the Firebug (level 3, 0/26 HPs)
             Began as a Meteoran Fire Elementalist on Dec 28, 2022.
             Slain by an orc
             ... wielding a +0 falchion
              (5 damage)
             ... on level 4 of the Dungeon.
             The game lasted 00:04:02 (369 turns).

hawla the Firebug (Meteoran Fire Elementalist)       Turns: 369, Time: 00:04:03

Health: 0/26       AC:  3    Str:  9    XL:     3   Next: 70%
Magic:  8/8        EV: 12    Int: 19    God:
Gold:   27         SH:  0    Dex: 14    Spells: 5/8 levels left

rFire   . . .      SeeInvis .   (no weapon)
rCold   . . .      Faith    .   (no shield)
rNeg    . . .      Spirit   .   a - +0 robe
rPois   .          Reflect  .   d - +0 helmet
rElec   .          Harm     .   (no cloak)
rCorr   .          Rampage  .   (no gloves)
Will    .....                   (no boots)
Stlth   +.........              (no amulet)
HPRegen 0.08/turn               (no ring)
MPRegen 0.11/turn               (no ring)

@: hasted, glowing, very quick
A: sense surroundings 1, otherworldly, glowing, explore regen
a: no special abilities


You were on level 4 of the Dungeon.
You visited 1 branch of the dungeon, and saw 4 of its levels.

You collected 27 gold pieces.

Inventory:

Armour
 a - a +0 robe (worn)
 d - a +0 helmet (worn)
Scrolls
 c - a scroll of enchant weapon
 f - a scroll of torment {unknown}


   Skills:
 + Level 0.1 Fighting
 + Level 2.8 Dodging
 - Level 1.4 Stealth
 + Level 3.3 Spellcasting
 + Level 1.3 Conjurations
 + Level 4.5 Fire Magic


You had 5 spell levels left.
You knew the following spells:

 Your Spells              Type           Power      Damage    Failure   Level
a - Foxfire               Conj/Fire      56%        2x1d6     4%          1
b - Scorch                Fire           40%        2d7       3%          2

Your spell library contained the following spells:

 Spells                   Type           Power      Damage    Failure   Level
 Conjure Flame            Conj/Fire      14%        6-21      13%         3
 Inner Flame              Hex/Fire       11%        N/A       19%         3
 Flame Wave               Conj/Fire      14%        2d6       41%         4


Dungeon Overview and Level Annotations

Branches:
Dungeon (4/15) Zot: 2030
 Temple: D:4-7

Altars:

Annotations:
D:4 Pikel


Innate Abilities, Weirdness & Mutations

You passively map a small area around you.
You are easily found by Zot.
You glow in the dark.
You regain HP and MP as you explore.


Message History

An orc comes into view. It is wielding a +0 falchion.
An orc comes into view. It is wielding a +0 hand axe.
The orc shouts!
You hear an angry hiss.
The orc wizard mumbles some strange words.
The orc wizard flickers and vanishes!
Deactivating autopickup; reactivate with Ctrl-A.
An adder comes into view.
An orc comes into view. It is wielding a +0 club.
The orc shouts!
You hear a shout!
A goblin comes into view. It is wielding a +0 club.
The orc misses you.
Casting: Scorch (safe; 3% risk of failure)
Confirm with . or Enter, or press ? or * to list all spells.
Flames lash the orc.
The orc is almost dead.
The orc's fire resistance burns away.
The orc barely misses you. Something hits you.
The orc hits you with a +0 falchion.
Casting: Scorch (safe; 3% risk of failure)
Confirm with . or Enter, or press ? or * to list all spells.
You conjure some foxfire!
The orc barely misses you. The orc hits you with a +0 falchion!
Something hits you.
* * * LOW HITPOINT WARNING * * *
Casting: Foxfire (safe; 4% risk of failure)
Confirm with . or Enter, or press ? or * to list all spells.
Flames lash something.
The foxfire hits the adder but does no damage.
The foxfire hits the adder.
The adder is heavily wounded.
The orc barely misses you. Something hits you but does no damage.
The orc barely misses you.
It was a potion of haste.
You feel yourself speed up. The orc hits you but does no damage.
Something hits you.
* * * LOW HITPOINT WARNING * * *
The orc barely misses you. The adder bites you.
* * * LOW HITPOINT WARNING * * *
Unknown command.
Magic courses through your body.
The orc is no longer more vulnerable to fire.
The adder bites you but does no damage. The orc hits you with a +0 falchion.
You die...

*#............ , ,
, #.........## ,
,## , #..........#
,... +
#..........## ...#
,
####..#.#?..##....
,, #..#.#.........
, *
....#...#....... ,
#....###.#og..... ,
......#...@oo.....
...........S.......
, * *
......#............
, * ** , ..
#...##..#.... *
#... #.#,... *
,..... *.., .. , ,
.###.. .## . * #.
..*, , , , ,


You could see an adder, 3 orcs and a goblin.

Vanquished Creatures
  An adder (D:3)
  2 dart slugs
  A ball python (D:1)
  4 giant cockroaches
  2 goblins (D:1)
  3 hobgoblins
  2 jackals (D:1)
  A bat (D:2)
  A kobold (D:3)
  A rat (D:1)
18 creatures vanquished.

Vanquished Creatures (others)
  41 foxfires
41 creatures vanquished.

Grand Total: 59 creatures vanquished

Notes
Turn   | Place    | Note
-------+----------+-------------------------------------------
     0 | D:1      | hawla the Meteoran Fire Elementalist began the quest for
                  | the Orb.
     0 | D:1      | Reached XP level 1. HP: 14/14 MP: 5/5
   144 | D:1      | Reached XP level 2. HP: 18/20 MP: 4/6
   146 | D:1      | Reached skill level 4 in Fire Magic
   204 | D:2      | Learned a level 2 spell: Scorch
   237 | D:2      | Reached XP level 3. HP: 23/26 MP: 2/8
   284 | D:4      | Noticed Pikel
   284 | D:4      | Noticed a lemure
   284 | D:4      | Noticed a lemure
   284 | D:4      | Noticed a lemure
   284 | D:4      | Noticed a lemure
   357 | D:3      | You fall into a shaft and drop 1 floor!
   369 | D:4      | Slain by an orc

Illustrated notes

Levels and vault maps discovered:
D:1:      spicycebolla_green_bress_n_ham, layout_basic,
          shapermc_ecumenical_altar_mp_urbaneastern, minmay_domino_2
D:2:      layout_rooms, minmay_strange_pillars, uniq_sigmund, uniq_jessica
D:3:      layout_loops_corners, serial_shops, shop, uniq_terence, uniq_ijyb
D:4:      layout_cave_pools, mainiacjoe_overflow_catwalk,
          mainiacjoe_overflow_six_doors_small, mainiacjoe_overflow_paths,
          minivault_19, lexackson_kobold_supper, uniq_pikel, uniq_duvessa,
          uniq_edmund

Skill      XL: |  1  2 |
---------------+-------+-----
Fire Magic     | 4 |  4.5
Spellcasting   | 3 |  3.3
Fighting       | |  0.1
Dodging        | |  2.8
Stealth        | |  1.4
Conjurations   | |  1.3

Action                   || total
-------------------------++-------
Melee: Unarmed           ||     8
 Cast: Foxfire           ||    22
       Scorch            ||     8
  Use: Potion            ||     3
       Scroll            ||     1
Armor: Robe              ||    19
Dodge: Dodged            ||    30
